 Dungeon Crawl Stone Soup version 0.27.1-3-gb3d3a73c9e (webtiles) character file.

Game seed: 7404950048874007511

214 Crownlay the Sneak (level 5, -4/36 HPs)
             Began as an Octopode Transmuter on Oct 28, 2021.
             Slain by an orc priest (6 damage)
             ... on level 3 of the Dungeon.
             The game lasted 00:03:04 (2163 turns).

Crownlay the Sneak (Octopode Transmuter)            Turns: 2163, Time: 00:03:05

Health: -4/36      AC:  1    Str:  9    XL:     5   Next: 92%
Magic:  8/8        EV: 13    Int: 17    God:
Gold:   71         SH:  0    Dex: 12    Spells: 7/8 levels left

rFire    . . .     SeeInvis .   d - +2 short sword (venom)
rCold    . . .     Faith    .   (no shield)
rNeg     . . .     Spirit   .   (helmet restricted)
rPois    .         Reflect  .   (no amulet)
rElec    .         Harm     .   (no ring)
rCorr    .         Rampage  .   (no ring)
Will     .....                  (no ring)
Stlth    ++++......             (no ring)
HPRegen  0.12/turn              (no ring)
MPRegen  0.11/turn              (no ring)
                                (no ring)
                                (no ring)

@: very slightly contaminated, invisible
A: almost no armour, amphibious, 8 rings, camouflage 1, gelatinous body 1,
(nimble swimmer 1), tentacles
a: no special abilities


You were on level 3 of the Dungeon.
You visited 1 branch of the dungeon, and saw 3 of its levels.

You collected 71 gold pieces.

Inventory:

Hand Weapons
 d - a +2 short sword of venom (weapon)
Jewellery
 g - a ring of protection from fire
Wands
 a - a wand of polymorph (8)
Scrolls
 c - a scroll of noise {unknown}
 e - 2 scrolls of identify {unknown}
 h - a scroll of fear {unknown}
 i - a scroll of blinking {unknown}
Potions
 b - a potion of brilliance {unknown}


   Skills:
 + Level 3.2 Fighting
 - Level 2.0 Dodging
 * Level 6.4 Stealth
 - Level 3.0 Unarmed Combat
 - Level 2.0 Spellcasting
 - Level 2.0 Transmutations


You had 7 spell levels left.
You knew the following spells:

 Your Spells              Type           Power      Damage    Failure   Level
a - Beastly Appendage     Tmut           16%        N/A       9%          1

Your spell library contained the following spells:

 Spells                   Type           Power      Damage    Failure   Level
 Wereblood                Tmut           8%         N/A       13%         2
 Spider Form              Tmut/Pois      2%         N/A       36%         3
 Ice Form                 Ice/Tmut       5%         N/A       77%         4


Dungeon Overview and Level Annotations

Branches:
Dungeon (2/15)

Altars:

Shops:
D:1 [


Innate Abilities, Weirdness & Mutations

You cannot wear most types of armour.
You are amphibious.
You can wear up to eight rings at the same time.
Your skin changes colour to match your surroundings (Stealth+).
Your rubbery body absorbs attacks. (AC +1, EV +1)
((You are camouflaged near water. (Stealth+)))
You have tentacles for arms and can constrict up to eight enemies at once.


Message History

A kobold comes into view. It is wielding a +0 dagger.
The orc barely misses you.
The kobold shouts!
You hit the orc priest. Your grab misses the orc priest.
The orc priest is moderately wounded.
The orc priest hits you with a +0 flail!
The orc priest looks braver for a moment.
The orc hits you with a +0 falchion.
You are too injured to fight recklessly!
You are too injured to fight recklessly!
You see here 15 gold pieces.
You now have 71 gold pieces (gained 15).
The orc priest hits you with a +0 flail.
* * * LOW HITPOINT WARNING * * *
The orc priest hits you with a +0 dagger.
* * * LOW HITPOINT WARNING * * *
You fade into invisibility!
The orc priest closely misses you. The orc priest barely misses you.
You are very lightly contaminated with residual magic.
You hit the orc priest.
The orc priest is poisoned.
Your grab misses the orc priest. Your squeeze misses the orc priest.
The orc priest is moderately wounded.
The orc priest barely misses you.
The orc priest hits you with a +0 dagger.
* * * LOW HITPOINT WARNING * * *
The orc misses you.
You barely miss the orc priest. You grab the orc priest.
The orc priest is severely wounded.
You constrict the orc priest. The orc priest closely misses you.
The orc priest struggles to escape constriction.
The orc hits you with a +0 falchion.
* * * LOW HITPOINT WARNING * * *
You hit the orc priest.
You kill the orc priest!
The orc priest misses you. The orc barely misses you.
You hit the orc priest. You grab the orc priest. You squeeze the orc priest.
The orc priest is moderately wounded.
You constrict the orc priest, but do no damage.
The orc priest hits you with a +0 flail.
You die...

#.......#####
#...........
...........#
.......$...#
...[.......#
#....#...#
#...)o.#.#
#...oKoo.#
.......#@#.#
.......#...#
.>.....#...#
.......#.#.#
.#.#.#.#.#.#
..K........#
##.#.#.###.#
##### ..
#.##....#
.#>#
##.......#


You could see an orc priest, 3 orcs and a kobold.

Vanquished Creatures
  3 orc priests (D:3)
  Natasha (twice) (D:2)
  2 adders (D:2)
  3 worms (D:2)
  2 orcs (D:3)
  5 ball pythons (D:1)
  3 endoplasms
  4 goblins
  5 hobgoblins
  3 jackals (D:2)
  A quokka (D:3)
  2 bats (D:1)
  A frilled lizard (D:2)
  4 kobolds
  7 rats
47 creatures vanquished.

Vanquished Creatures (others)
  Natasha (D:2)
1 creature vanquished.

Grand Total: 48 creatures vanquished

Notes
Turn   | Place    | Note
-------+----------+-------------------------------------------
     0 | D:1      | Crownlay the Octopode Transmuter began the quest for the
                  | Orb.
     0 | D:1      | Reached XP level 1. HP: 13/13 MP: 3/3
    31 | D:1      | Reached skill level 1 in Stealth
   240 | D:1      | Reached XP level 2. HP: 9/18 MP: 5/5
   411 | D:1      | Reached skill level 2 in Stealth
   467 | D:1      | Found Rymi's Armour Shoppe.
   958 | D:2      | Noticed Natasha
   963 | D:2      | Reached skill level 3 in Stealth
   963 | D:2      | Reached XP level 3. HP: 14/24 MP: 6/6
   969 | D:2      | Killed Natasha
  1007 | D:2      | Noticed Natasha
  1238 | D:2      | Killed Natasha
  1239 | D:2      | Reached skill level 4 in Stealth
  1239 | D:2      | Reached XP level 4. HP: 24/30 MP: 7/7
  1375 | D:2      | Noticed Natasha
  1390 | D:2      | Killed Natasha
  1427 | D:2      | Reached skill level 5 in Stealth
  1661 | D:2      | Reached XP level 5. HP: 35/35 MP: 6/8
  2009 | D:2      | You fall into a shaft and drop 1 floor!
  2014 | D:3      | Reached skill level 6 in Stealth
  2163 | D:3      | Slain by an orc priest

Illustrated notes

Levels and vault maps discovered:
D:1:      scummos_arrival_simple_fountains, layout_basic, serial_shops, shop
D:2:      layout_basic, minmay_pentomino_z4, uniq_natasha
D:3:      mumra_celtic_spiral_tile, layout_rooms,
          dreamdust_ecumenical_altar_angels_and_demons, grunt_ministairs_3,
          st_stairs_8

Skill      XL: |  1  2  3  4  5 |
---------------+----------------+-----
Stealth        | 1 3 4 5 6 |  6.4
Fighting       | 2 3 |  3.2
Dodging        | |  2.0
Unarmed Combat | |  3.0
Spellcasting   | |  2.0
Transmutations | |  2.0

Action                   |  1- 3 |  4- 6 || total
-------------------------+-------+-------++-------
Melee: Unarmed           |    14 |     5 ||    19
       Constrict         |    14 |    14 ||    28
       Short sword       |    30 |    54 ||    84
       Tentacles         |     6 |     8 ||    14
       Kick              |       |     2 ||     2
 Cast: Beastly Appendage |     2 |     4 ||     6
  Use: Potion            |       |     4 ||     4
 Stab: Sleeping          |     9 |     5 ||    14
Armor: Skin              |     2 |     6 ||     8
Dodge: Dodged            |    20 |    45 ||    65
